AoeStats
← JOSEMI27

Nomad

508919488Analyzed
4v4 RM · 8d ago on Sep 24, 2026· 49m 8s· 8 players
Game mode
Random Map
Map size
231×231
Population
200
Speed
Normal
Resources
Standard
Victory
Conquest
Starting age
Dark Age
Ending age
Imperial Age
RankedLock teamsTeams togetherTeam positionsShared explorationLock speedFull tech treeHidden civsTurbo modeCheats
Victory
Defeat
🇹🇷 Persians · Türkiye
1033
+17
🇦🇷 Spanish · Argentina
991
+18
🇪🇸 Maya · Spain
975
+19
🇮🇸 Huns · Iceland
952
+20
🇲🇿 Malians · Mozambique
1170
-23
🇺🇸 Varangians · United States
1099
-21
🇲🇿 Shu · Mozambique
983
-16
🇲🇿 Persians · Mozambique
927
-14
TastyTreat
16:08 Feudal Age
18:00 Loom
19:04 Double-Bit Axe
21:23 Castle Age
19:06 Horse Collar
20:14 Gold Mining
20:14 Fishing Lines
24:24 Gillnets
25:50 Bow Saw
26:06 Stone Mining
26:33 Forging
27:47 Husbandry
27:57 Scale Barding Armor
30:32 Gold Shaft Mining
30:12 Bloodlines
32:08 Iron Casting
31:55 Chain Barding Armor
31:23 Town Watch
33:50 Wheelbarrow
37:36 Imperial Age
37:11 Hand Cart
37:19 Ballistics
37:23 Fletching
38:12 Marauders
39:24 Blast Furnace
39:00 Plate Barding Armor
37:59 Elite Tarkan
42:36 Conscription
45:47 Chemistry
44:43 Murder Holes
49:24 Coinage
49:05 Guilds
JOSEMI27
14:53 Feudal Age
18:42 Castle Age
17:42 Fletching
21:41 Double-Bit Axe
22:32 Medium Warships
29:53 Bow Saw
30:16 Loom
32:57 Elite Skirmisher
36:56 Ballistics
crepysa
6:37 Loom
12:55 Feudal Age
13:23 Town Watch
13:46 Double-Bit Axe
19:10 Castle Age
17:05 Stone Mining
17:09 Gold Mining
17:07 Fishing Lines
18:18 Fletching
18:43 Forging
20:24 Wheelbarrow
20:31 Bow Saw
20:40 Bloodlines
22:36 Redemption
24:53 Horse Collar
26:10 Fervor
27:28 Sanctity
34:30 Imperial Age
32:02 Murder Holes
32:17 Masonry
32:22 Stone Mining
33:00 Husbandry
33:56 Iron Casting
32:49 Light Cavalry
34:39 Scale Barding Armor
36:17 Blast Furnace
35:58 Block Printing
35:37 Cavalier
36:47 Chain Barding Armor
37:30 Chemistry
37:14 Inquisition
37:36 Conscription
38:48 Inquisition
47:34 Architecture
46:55 Guard Tower
46:51 Arrowslits
47:41 Architecture
49:06 Theocracy
49:02 Illumination
50:23 Keep
Erşan Kuneri
7:54 Loom
15:38 Feudal Age
16:36 Double-Bit Axe
23:40 Castle Age
23:05 Fletching
23:16 Padded Archer Armor
23:31 Elite Skirmisher
28:21 Horse Collar
35:44 Imperial Age
33:55 Bodkin Arrow
34:14 Murder Holes
37:25 Conscription
37:19 Heavy Plow
39:17 Crop Rotation
38:59 Bow Saw
39:40 Ballistics
42:04 Two-Man Saw
41:06 Kamandaran
40:40 Crossbowman
42:12 Thumb Ring
42:50 Leather Archer Armor
43:38 Forging
45:12 Chemistry
45:33 Elite War Elephant
48:41 Iron Casting
Rob88Silva
4:56 Loom
13:01 Feudal Age
13:29 Feudal Age
18:13 Castle Age
17:04 Double-Bit Axe
19:33 Bow Saw
20:17 Horse Collar
20:37 Gold Mining
29:16 Stone Mining
30:19 Heavy Plow
35:34 Imperial Age
33:46 Wheelbarrow
34:31 Forging
35:18 Stone Shaft Mining
36:52 Conscription
35:58 Elite Varangian Guard
37:16 Iron Casting
37:23 Squires
37:59 Arson
38:42 Gambesons
40:35 Blast Furnace
40:22 Hand Cart
41:18 Capped Ram
43:39 Two-Man Saw
43:50 Town Watch
44:27 Scale Mail Armor
45:40 Siege Ram
Viminha_MZ
12:30 Loom
14:52 Feudal Age
19:48 Castle Age
19:27 Wheelbarrow
19:06 Double-Bit Axe
19:04 Horse Collar
21:04 Bow Saw
21:04 Heavy Plow
23:39 Forging
23:36 Scale Barding Armor
30:12 Chain Barding Armor
30:29 Iron Casting
31:03 Bloodlines
34:31 Hand Cart
34:31 Gold Mining
34:38 Stone Mining
44:39 Imperial Age
42:19 Fletching
42:29 Padded Archer Armor
44:29 Crossbowman
45:14 Thumb Ring
45:15 Kamandaran
45:59 Gold Shaft Mining
46:01 Stone Shaft Mining
45:31 Cavalier
Ociru3
4:12 Loom
14:48 Feudal Age
19:00 Castle Age
18:14 Double-Bit Axe
18:09 Horse Collar
20:47 Bow Saw
21:37 Wheelbarrow
20:44 Horse Collar
20:56 Fishing Lines
24:17 Medium Warships
24:35 Scale Mail Armor
24:45 Forging
25:49 Forging
26:38 Heavy Plow
26:32 Fletching
27:22 Gold Mining
28:49 Chain Mail Armor
36:40 Iron Casting
37:45 Hand Cart
38:35 Squires
37:56 Pikeman
42:45 Imperial Age
40:21 Bodkin Arrow
40:26 Arson
41:28 Gillnets
42:47 Scale Barding Armor
43:57 Chain Barding Armor
45:53 Bloodlines
CalvaroLDS
7:46 Loom
16:05 Feudal Age
16:45 Double-Bit Axe
21:30 Castle Age
20:23 Fletching
21:14 Padded Archer Armor
21:26 Man-at-Arms
24:01 Crossbowman
35:14 Bow Saw
35:59 Bodkin Arrow
38:01 Scale Barding Armor
47:45 Scale Mail Armor
Connection lost

Rejoining the realm…

Still unreachable

The connection could not be restored.

Session expired

The server has moved on; the page needs a fresh start.